Griffins vs Harfangs
(R1)
Created - October 22, 2018 at 19:26
Goals
|
| Griffins |
3 |
1 |
1 |
5 |
| Harfangs |
0 |
2 |
0 |
2 |
|
Shots
|
| Griffins |
16 |
3 |
6 |
25 |
| Harfangs |
16 |
9 |
6 |
31 |
|
1st period
1. Griffins , Vladislav Namestnikov 2 (J.T. Brown 4, Brendan Woods 1) at 13:57
2. Griffins , Ben Hanowski 2 (Tye McGinn 2, Robert Dome 2) at 17:08 (PP)
3. Griffins , Sean Monahan 2 (Ben Hanowski 5, Tye McGinn 3) at 18:06
Penalties :
Victor Bartley (BEA) for Elbowing (Minor) at 4:21, Robert Dome (Cap) for Unsportsmanlike conduct (Minor) at 7:53, Robert Dome (Cap) for Interference (Minor) at 10:14, Morgan Klimchuk (BEA) for Slashing (Minor) at 15:44
2nd period
4. Harfangs , Jimmy Hayes 3 (Brandon Pirri 3, Rinat Valiev 1) at 2:35
5. Griffins , Anton Slepyshev 1 (Quinton Howden 1, Ryan Hartman 4) at 18:45
6. Harfangs , Victor Bartley 1 (Tomas Kubalik 1) at 18:53
Penalties :
Tomas Kubalik (BEA) for Tripping (Minor) at 6:28, Morgan Klimchuk (BEA) for Hooking (Minor) at 10:50, Jake Dotchin (BEA) for Goalie Interference (Minor) at 16:37
3rd period
7. Griffins , Oscar Klefbom 1 (Sean Monahan 1, Jamie Arniel 3) at 3:13 (PP)
Penalties :
Dylan Olsen (BEA) for Interference (Minor) at 3:01, Nathan Oystrick (Cap) for Roughing (Minor) at 5:01, Andreas Martinsen (BEA) for Tripping (Minor) at 13:17
Goalie Stats
Jean-Francois Berube (Cap), 29 saves from 31 shots - (0.935), W, 1-1-1, 60:00 minutes
Anton Forsberg (BEA), 15 saves from 19 shots - (0.789), L, 2-1-0, 38:45 minutes
Zachary Fucale (BEA), 5 saves from 6 shots - (0.833), 21:15 minutes
Players Stats for Griffins
Player Name G A P +/- PIM S H SB GA TA FO MP PP MP PK MP
------------------------------------------------------------------------------------
Anton Slepyshev 1 0 1 0 0 1 0 0 0 1 0/0 11:01 0:00 0:09
Ben Hanowski 1 1 2 1 0 2 2 0 0 0 0/0 15:00 4:24 0:00
Brendan Woods 0 1 1 0 0 0 1 0 0 0 0/1 10:42 0:00 2:47
Bryan Young 0 0 0 0 0 0 0 4 0 0 0/0 21:13 0:00 3:41
J.T. Brown 0 1 1 0 0 1 0 0 1 0 0/0 10:36 0:21 1:45
Jamie Arniel 0 1 1 0 0 2 3 1 0 0 9/24 22:54 6:57 2:48
Nathan Oystrick 0 0 0 -1 2 0 1 2 0 0 0/0 14:17 0:00 1:11
Oscar Klefbom 1 0 1 1 0 5 0 1 0 3 0/0 23:54 6:51 0:33
Petr Pohl 0 0 0 0 0 3 1 0 0 0 0/1 19:28 6:57 0:00
Petter Granberg 0 0 0 -1 0 0 3 0 0 1 0/0 16:35 4:40 0:32
Quinton Howden 0 1 1 0 0 1 0 0 0 0 1/2 11:12 0:00 0:00
Robert Dome 0 1 1 0 4 1 4 0 0 1 1/3 17:38 4:24 0:12
Ryan Hartman 0 1 1 0 0 0 0 0 0 0 0/0 12:26 0:10 1:01
Sean Monahan 1 1 2 1 0 3 0 0 0 0 7/15 18:25 6:56 0:00
Simon Despres 0 0 0 2 0 3 0 2 0 0 0/0 22:44 6:51 2:16
Ty Wishart 0 0 0 1 0 0 1 2 0 0 0/0 21:19 4:40 3:41
Tye McGinn 0 2 2 1 0 1 2 0 0 0 0/0 17:54 4:24 2:36
Vladislav Namestnikov 1 0 1 0 0 2 1 0 1 0 1/1 6:42 0:00 0:36
Players Stats for Harfangs
Player Name G A P +/- PIM S H SB GA TA FO MP PP MP PK MP
------------------------------------------------------------------------------------
Andreas Martinsen 0 0 0 1 2 3 5 0 0 0 1/1 19:33 3:22 3:30
Boone Jenner 0 0 0 -2 0 3 1 2 1 0 1/1 12:23 0:33 0:44
Brandon Pirri 0 1 1 -1 0 1 1 0 1 0 0/1 11:30 0:47 0:00
Brandon Saad 0 0 0 0 0 1 2 0 1 1 0/0 14:24 2:02 0:30
Calle Jarnkrok 0 0 0 0 0 2 0 0 0 0 5/9 13:21 2:02 0:00
Cody Eakin 0 0 0 1 0 3 1 0 0 0 17/29 22:55 3:23 6:39
Dylan Olsen 0 0 0 1 2 3 4 1 0 0 0/0 28:23 3:55 6:55
Jake Dotchin 0 0 0 -2 2 0 1 1 0 0 0/0 19:26 2:02 3:36
Jimmy Hayes 1 0 1 0 0 5 1 0 1 0 1/1 22:47 3:22 6:28
Joel Armia 0 0 0 0 0 0 1 0 1 0 0/0 9:39 0:05 2:24
Jujhar Khaira 0 0 0 -1 0 0 2 0 0 0 0/0 10:43 0:00 0:00
Laurent Dauphin 0 0 0 0 0 0 0 0 0 0 1/2 6:56 0:00 0:00
Morgan Klimchuk 0 0 0 0 4 0 0 0 0 0 0/0 7:21 0:13 0:00
Reid McNeill 0 0 0 -1 0 0 2 0 0 1 0/0 20:35 2:02 4:57
Rinat Valiev 0 1 1 -1 0 0 1 1 0 0 0/0 13:07 0:00 1:45
Tomas Kubalik 0 1 1 0 2 5 0 0 1 0 2/3 16:40 2:02 2:47
Victor Bartley 1 0 1 1 2 5 0 3 0 0 0/0 27:08 3:55 5:36
Zac Leslie 0 0 0 -1 0 0 1 1 0 0 0/0 11:31 0:00 0:13
3 Stars
1 - Ben Hanowski (Cap)
2 - Sean Monahan (Cap)
3 - Tye McGinn (Cap)
Power Play
Griffins - 2 on 7 Attempt(s) - 28.57%
Harfangs - 0 on 3 Attempt(s) - 0.00%
Penalty Kill
Griffins - 3 on 3 Attempt(s) - 100.00%
- Score 0 goal in Penalty Kill
Harfangs - 5 on 7 Attempt(s) - 71.43%
- Score 0 goal in Penalty Kill
Team Stat
Griffins - Hits : 19 - Faceoff Wins : 19 - Blocked Shots : 12 - Penalty Minutes : 6
Harfangs - Hits : 23 - Faceoff Wins : 28 - Blocked Shots : 9 - Penalty Minutes : 14
Official
Referees : Unknown
Linesman : Unknown
Game Notes
Zachary Fucale enters game at 18:45 of 2nd period
3:13 of 3rd period - Griffins goal is going for a video replay. After video review, Goal.
Vladislav Namestnikov is injured at 11:31 of 3rd period (Sprained Right Ankle)
Finance
Level 1 -- Attendance: 1506 (75.30%) -- Ticket Income $51,204
Level 2 -- Attendance: 803 (80.30%) -- Ticket Income $15,257
Total Attendance: 2309 (76.97%)
Total Ticket Income: $66,461
Other Income: $3,323
Total Income: $69,784
Griffins
5 vs 5 Forward
Center Left Wing Right Wing Time % Phy DF OF
1 Jamie Arniel Robert Dome Petr Pohl 40 0 2 3
2 Sean Monahan Tye McGinn Ben Hanowski 30 0 2 3
3 Quinton Howden Anton Slepyshev Ryan Hartman 20 0 2 3
4 Vladislav Namestnikov Brendan Woods J.T. Brown 10 0 2 3
5 vs 5 Defense
Defense Defense Time % Phy DF OF
1 Oscar Klefbom Bryan Young 40 0 2 3
2 Simon Despres Ty Wishart 30 0 3 2
3 Petter Granberg Nathan Oystrick 20 0 3 2
4 Petter Granberg Nathan Oystrick 10 1 2 2
PowerPlay Forward
Center Left Wing Right Wing Time % Phy DF OF
1 Sean Monahan Jamie Arniel Petr Pohl 60 0 1 4
2 Robert Dome Tye McGinn Ben Hanowski 40 0 1 4
PowerPlay Defense
Defense Defense Time % Phy DF OF
1 Oscar Klefbom Simon Despres 60 0 1 4
2 Ty Wishart Petter Granberg 40 0 1 4
Penalty Kill 4 Players Forward
Center Wing Time % Phy DF OF
1 Jamie Arniel Brendan Woods 60 1 2 2
2 Tye McGinn J.T. Brown 40 1 2 2
Penalty Kill 4 Players Defense
Defense Defense Time % Phy DF OF
1 Bryan Young Ty Wishart 60 1 2 2
2 Nathan Oystrick Simon Despres 40 1 2 2
Penalty Kill - 3 Players Forward
Forward Time % Phy DF OF
1 Jamie Arniel 60 1 2 2
2 Brendan Woods 40 1 2 2
Penalty Kill - 3 Players Defense
Defense Defense Time % Phy DF OF
1 Bryan Young Ty Wishart 60 1 2 2
2 Nathan Oystrick Simon Despres 40 1 2 2
4 vs 4 Forward
Center Wing Time % Phy DF OF
1 Sean Monahan Petr Pohl 60 1 2 2
2 Jamie Arniel Tye McGinn 40 1 2 2
4 vs 4 Defense
Defense Defense Time % Phy DF OF
1 Oscar Klefbom Bryan Young 60 1 2 2
2 Simon Despres Ty Wishart 40 1 2 2
Last Minutes Offensive
Center Left Wing Right Wing Defense Defense
Sean Monahan Tye McGinn Petr Pohl Oscar Klefbom Jamie Arniel
Last Minutes Defensive
Center Left Wing Right Wing Defense Defense
Jamie Arniel Brendan Woods J.T. Brown Bryan Young Nathan Oystrick
Goaltenders
Starting : Jean-Francois Berube
Backup : Olivier Roy
Extra Forwards
Normal : Jamie Arniel, Sean Monahan, Robert Dome - PP : J.T. Brown, Ryan Hartman - PK : Ryan Hartman
Extra Defensemen
Normal : Oscar Klefbom, Simon Despres, Petter Granberg - PP : Ty Wishart - PK : Oscar Klefbom, Petter Granberg
Penalty Shots
Petr Pohl, Sean Monahan, Jamie Arniel, Ben Hanowski, Robert Dome
Scratches
Garrett Wilson (Healthy), Tanner Kero (Healthy), Greg McKegg (Healthy), Lucas Lessio (Healthy), Nathan Gerbe (Broken Nose Injury)
Jerome Gauthier-Leduc (Healthy), Konrad Abeltshauser (Healthy), Tomas Hyka (Healthy), Brian Hart (Healthy), Mirco Mueller (Healthy)
Ian McCoshen (Healthy), Jan Mursak (Healthy), Marcus Hogberg (Healthy), Matt Tomkins (Healthy)
Harfangs
5 vs 5 Forward
Center Left Wing Right Wing Time % Phy DF OF
1 Cody Eakin Andreas Martinsen Jimmy Hayes 40 1 2 2
2 Calle Jarnkrok Brandon Saad Tomas Kubalik 30 1 2 2
3 Boone Jenner Jujhar Khaira Brandon Pirri 20 1 2 2
4 Laurent Dauphin Morgan Klimchuk Joel Armia 10 1 2 2
5 vs 5 Defense
Defense Defense Time % Phy DF OF
1 Victor Bartley Dylan Olsen 40 1 2 2
2 Reid McNeill Jake Dotchin 30 1 2 2
3 Zac Leslie Rinat Valiev 20 1 2 2
4 Victor Bartley Dylan Olsen 10 1 2 2
PowerPlay Forward
Center Left Wing Right Wing Time % Phy DF OF
1 Cody Eakin Andreas Martinsen Jimmy Hayes 60 1 2 2
2 Calle Jarnkrok Brandon Saad Tomas Kubalik 40 1 2 2
PowerPlay Defense
Defense Defense Time % Phy DF OF
1 Victor Bartley Dylan Olsen 60 1 2 2
2 Reid McNeill Jake Dotchin 40 1 2 2
Penalty Kill 4 Players Forward
Center Wing Time % Phy DF OF
1 Cody Eakin Jimmy Hayes 60 1 2 2
2 Tomas Kubalik Andreas Martinsen 40 1 2 2
Penalty Kill 4 Players Defense
Defense Defense Time % Phy DF OF
1 Victor Bartley Dylan Olsen 60 1 2 2
2 Reid McNeill Jake Dotchin 40 1 2 2
Penalty Kill - 3 Players Forward
Forward Time % Phy DF OF
1 Cody Eakin 60 1 2 2
2 Jimmy Hayes 40 1 2 2
Penalty Kill - 3 Players Defense
Defense Defense Time % Phy DF OF
1 Victor Bartley Dylan Olsen 60 1 2 2
2 Reid McNeill Jake Dotchin 40 1 2 2
4 vs 4 Forward
Center Wing Time % Phy DF OF
1 Cody Eakin Jimmy Hayes 60 1 2 2
2 Tomas Kubalik Andreas Martinsen 40 1 2 2
4 vs 4 Defense
Defense Defense Time % Phy DF OF
1 Victor Bartley Dylan Olsen 60 1 2 2
2 Reid McNeill Jake Dotchin 40 1 2 2
Last Minutes Offensive
Center Left Wing Right Wing Defense Defense
Cody Eakin Andreas Martinsen Jimmy Hayes Victor Bartley Dylan Olsen
Last Minutes Defensive
Center Left Wing Right Wing Defense Defense
Cody Eakin Andreas Martinsen Jimmy Hayes Victor Bartley Dylan Olsen
Goaltenders
Starting : Anton Forsberg
Backup : Zachary Fucale
Extra Forwards
Normal : Brandon Pirri, Boone Jenner, Joel Armia - PP : Brandon Pirri, Boone Jenner - PK : Joel Armia
Extra Defensemen
Normal : Zac Leslie, Rinat Valiev, Reid McNeill - PP : Zac Leslie - PK : Rinat Valiev, Reid McNeill
Penalty Shots
Cody Eakin, Jimmy Hayes, Tomas Kubalik, Andreas Martinsen, Calle Jarnkrok
Scratches
Colton Sissons (Healthy), Cristoval Nieves (Healthy), Brenden Kichton (Healthy), John Macfarland (Healthy), Blake Heinrich (Healthy)
Nick Sorensen (Healthy), Mark Alt (Healthy), Brendan Leipsic (Healthy), Steve McCarthy (Healthy), Dustin Jeffrey (Healthy)
Jason Kasdorf (Healthy), Mark Visentin (Healthy), Scott Wedgewood (Healthy)
% Time on Ice - Griffins
Lines # - Real PCT - Wanted PCT - Time Play
Normal Forward
1 - 30% - 40% - 12:54
2 - 26% - 30% - 10:51
3 - 26% - 20% - 10:52
4 - 19% - 10% - 7:55
Normal Defense
1 - 43% - 40% - 18:06
2 - 30% - 30% - 12:48
3 - 21% - 20% - 8:53
4 - 6% - 10% - 2:45
PP Forward
1 - 62% - 60% - 7:07
2 - 38% - 40% - 4:24
PP Defense
1 - 59% - 60% - 6:51
2 - 41% - 40% - 4:40
PK Forward
1 - 71% - 60% - 4:12
2 - 29% - 40% - 1:45
PK Defense
1 - 62% - 60% - 3:41
2 - 38% - 40% - 2:16
PK3 Forward
1 - 0% - 60%
2 - 0% - 40%
PK3 Defense
1 - 0% - 60%
2 - 0% - 40%
44 Forward
1 - 0% - 60%
2 - 0% - 40%
44 Defense
1 - 0% - 60%
2 - 0% - 40%
Last Minute Offensive - 0:00
Last Minute Defensive - 0:00
Total
Forward - 60:00
Defense - 60:00
|
% Time on Ice - Harfangs
Lines # - Real PCT - Wanted PCT - Time Play
Normal Forward
1 - 32% - 40% - 13:30
2 - 27% - 30% - 11:23
3 - 25% - 20% - 10:43
4 - 16% - 10% - 6:56
Normal Defense
1 - 41% - 40% - 17:19
2 - 32% - 30% - 13:49
3 - 26% - 20% - 11:09
4 - 1% - 10% - 0:15
PP Forward
1 - 62% - 60% - 3:42
2 - 38% - 40% - 2:15
PP Defense
1 - 66% - 60% - 3:55
2 - 34% - 40% - 2:02
PK Forward
1 - 70% - 60% - 8:01
2 - 30% - 40% - 3:30
PK Defense
1 - 61% - 60% - 7:00
2 - 39% - 40% - 4:31
PK3 Forward
1 - 0% - 60%
2 - 0% - 40%
PK3 Defense
1 - 0% - 60%
2 - 0% - 40%
44 Forward
1 - 0% - 60%
2 - 0% - 40%
44 Defense
1 - 0% - 60%
2 - 0% - 40%
Last Minute Offensive - 0:00
Last Minute Defensive - 0:00
Total
Forward - 60:00
Defense - 60:00
|
Play by Play
1st period
0:01 of 1st period - Cody Eakin wins face-off versus Jamie Arniel in neutral zone.
0:12 of 1st period - Snap shot by Cody Eakin.
0:12 of 1st period - Deflect By Andreas Martinsen.
0:12 of 1st period - Stopped by Jean-Francois Berube with a rebound.
0:35 of 1st period - Wrist shot by Calle Jarnkrok.
0:35 of 1st period - Stopped by Jean-Francois Berube with a rebound.
1:07 of 1st period - Reid McNeill is hit by Petr Pohl and loses puck.
1:18 of 1st period - Snap shot by Robert Dome.
1:18 of 1st period - Stopped by Anton Forsberg with a rebound.
2:10 of 1st period - Wrist shot by Tomas Kubalik.
2:10 of 1st period - Stopped by Jean-Francois Berube with a rebound.
2:12 of 1st period - Slapshot by Brandon Saad.
2:12 of 1st period - Stopped by Jean-Francois Berube without a rebound.
2:13 of 1st period - Jamie Arniel wins face-off versus Calle Jarnkrok in Griffins zone.
2:24 of 1st period - Snap shot by Petr Pohl.
2:24 of 1st period - Shot Misses the Net.
2:40 of 1st period - Ben Hanowski is hit by Andreas Martinsen and loses puck.
3:04 of 1st period - Snap shot by Quinton Howden.
3:04 of 1st period - Stopped by Anton Forsberg with a rebound.
3:06 of 1st period - Snap shot by Ryan Hartman.
3:06 of 1st period - Shot Misses the Net.
3:08 of 1st period - Slapshot by Nathan Oystrick.
3:08 of 1st period - Shot Misses the Net.
3:18 of 1st period - Snap shot by Petr Pohl.
3:18 of 1st period - Stopped by Anton Forsberg without a rebound.
3:19 of 1st period - Cody Eakin wins face-off versus Jamie Arniel in Harfangs zone.
3:24 of 1st period - Wrist shot by Cody Eakin.
3:24 of 1st period - Shot Blocked by Jamie Arniel.
3:26 of 1st period - Snap shot by Dylan Olsen.
3:26 of 1st period - Shot Hit the Post.
3:28 of 1st period - Slapshot by Dylan Olsen.
3:28 of 1st period - Shot Misses the Net.
3:30 of 1st period - Wrist shot by Cody Eakin.
3:30 of 1st period - Shot Blocked by Simon Despres.
3:32 of 1st period - Slapshot by Victor Bartley.
3:32 of 1st period - Shot Blocked by Ty Wishart.
3:34 of 1st period - Snap shot by Dylan Olsen.
3:34 of 1st period - Stopped by Jean-Francois Berube with a rebound.
4:21 of 1st period - Minor Penalty to Victor Bartley for Elbowing.
4:22 of 1st period - Sean Monahan wins face-off versus Cody Eakin in Harfangs zone.
4:27 of 1st period - Slapshot by Oscar Klefbom.
4:27 of 1st period - Stopped by Anton Forsberg with a rebound.
4:55 of 1st period - Snap shot by Sean Monahan.
4:55 of 1st period - Deflect By Petr Pohl.
4:55 of 1st period - Stopped by Anton Forsberg with a rebound.
4:57 of 1st period - Slapshot by Simon Despres.
4:57 of 1st period - Stopped by Anton Forsberg with a rebound.
4:59 of 1st period - Slapshot by Oscar Klefbom.
4:59 of 1st period - Deflect By Sean Monahan.
4:59 of 1st period - Shot Misses the Net.
4:59 of 1st period - Puck is out of play.
5:00 of 1st period - Cody Eakin wins face-off versus Robert Dome in Harfangs zone.
5:00 of 1st period - Cody Eakin is hit by Ben Hanowski.
5:10 of 1st period - Jimmy Hayes is hit by Petter Granberg and loses puck.
5:27 of 1st period - Dylan Olsen is hit by Petter Granberg.
5:31 of 1st period - Petter Granberg is hit by Andreas Martinsen and loses puck.
6:21 of 1st period - Penalty to Victor Bartley is over, Victor Bartley is back on ice.
6:32 of 1st period - Slapshot by Oscar Klefbom.
6:32 of 1st period - Shot Misses the Net.
7:48 of 1st period - Snap shot by Boone Jenner.
7:48 of 1st period - Stopped by Jean-Francois Berube without a rebound.
7:49 of 1st period - Laurent Dauphin wins face-off versus Jamie Arniel in Griffins zone.
7:53 of 1st period - Minor Penalty to Robert Dome for Unsportsmanlike conduct.
7:54 of 1st period - Cody Eakin wins face-off versus Jamie Arniel in Griffins zone.
7:58 of 1st period - Snap shot by Andreas Martinsen.
7:58 of 1st period - Shot Misses the Net.
8:00 of 1st period - Slapshot by Victor Bartley.
8:00 of 1st period - Stopped by Jean-Francois Berube without a rebound.
8:01 of 1st period - Jamie Arniel wins face-off versus Cody Eakin in Griffins zone.
8:21 of 1st period - Icing by Cody Eakin.
8:22 of 1st period - Cody Eakin wins face-off versus Jamie Arniel in Harfangs zone.
9:15 of 1st period - Wrist shot by Cody Eakin.
9:15 of 1st period - Shot Misses the Net.
9:17 of 1st period - Slapshot by Jimmy Hayes.
9:17 of 1st period - Stopped by Jean-Francois Berube with a rebound.
9:19 of 1st period - Wrist shot by Andreas Martinsen.
9:19 of 1st period - Stopped by Jean-Francois Berube with a rebound.
9:27 of 1st period - Snap shot by Jimmy Hayes.
9:27 of 1st period - Stopped by Jean-Francois Berube with a rebound.
9:43 of 1st period - Wrist shot by Jimmy Hayes.
9:43 of 1st period - Stopped by Jean-Francois Berube with a rebound.
9:45 of 1st period - Slapshot by Dylan Olsen.
9:45 of 1st period - Shot Blocked by Bryan Young.
9:47 of 1st period - Slapshot by Victor Bartley.
9:47 of 1st period - Shot Misses the Net.
9:53 of 1st period - Penalty to Robert Dome is over, Robert Dome is back on ice.
10:03 of 1st period - Wrist shot by Cody Eakin.
10:03 of 1st period - Stopped by Jean-Francois Berube without a rebound.
10:04 of 1st period - Calle Jarnkrok wins face-off versus Jamie Arniel in Griffins zone.
10:05 of 1st period - Wrist shot by Tomas Kubalik.
10:05 of 1st period - Stopped by Jean-Francois Berube without a rebound.
10:06 of 1st period - Calle Jarnkrok wins face-off versus Jamie Arniel in Griffins zone.
10:14 of 1st period - Minor Penalty to Robert Dome for Interference.
10:15 of 1st period - Jamie Arniel wins face-off versus Calle Jarnkrok in Griffins zone.
10:30 of 1st period - Snap shot by Brandon Saad.
10:30 of 1st period - Shot Misses the Net.
12:14 of 1st period - Penalty to Robert Dome is over, Robert Dome is back on ice.
13:12 of 1st period - Icing by Victor Bartley.
13:13 of 1st period - Sean Monahan wins face-off versus Laurent Dauphin in Harfangs zone.
13:20 of 1st period - Snap shot by Tye McGinn.
13:20 of 1st period - Stopped by Anton Forsberg with a rebound.
13:22 of 1st period - Slapshot by Simon Despres.
13:22 of 1st period - Stopped by Anton Forsberg with a rebound.
13:53 of 1st period - Snap shot by J.T. Brown.
13:53 of 1st period - Stopped by Anton Forsberg with a rebound.
13:55 of 1st period - Slapshot by Vladislav Namestnikov.
13:55 of 1st period - Stopped by Anton Forsberg with a rebound.
13:57 of 1st period - Snap shot by Vladislav Namestnikov.
13:57 of 1st period - Goal by Vladislav Namestnikov - Griffins : 1 - Harfangs : 0.
13:58 of 1st period - Cody Eakin wins face-off versus Jamie Arniel in neutral zone.
14:23 of 1st period - Oscar Klefbom is hit by Brandon Saad and loses puck.
14:32 of 1st period - Slapshot by Sean Monahan.
14:32 of 1st period - Stopped by Anton Forsberg without a rebound.
14:33 of 1st period - Tomas Kubalik wins face-off versus Jamie Arniel in Harfangs zone.
14:44 of 1st period - Snap shot by Petr Pohl.
14:44 of 1st period - Shot Misses the Net.
14:46 of 1st period - Slapshot by Simon Despres.
14:46 of 1st period - Shot Misses the Net.
15:44 of 1st period - Minor Penalty to Morgan Klimchuk for Slashing.
15:45 of 1st period - Sean Monahan wins face-off versus Cody Eakin in Harfangs zone.
15:49 of 1st period - Wrist shot by Sean Monahan.
15:49 of 1st period - Shot Hit the Post.
15:51 of 1st period - Slapshot by Oscar Klefbom.
15:51 of 1st period - Stopped by Anton Forsberg without a rebound.
15:52 of 1st period - Sean Monahan wins face-off versus Cody Eakin in Harfangs zone.
16:08 of 1st period - Icing by Jamie Arniel.
16:09 of 1st period - Cody Eakin wins face-off versus Sean Monahan in Griffins zone.
16:44 of 1st period - Wrist shot by Sean Monahan.
16:44 of 1st period - Shot Misses the Net.
17:04 of 1st period - Wrist shot by Jamie Arniel.
17:04 of 1st period - Stopped by Anton Forsberg without a rebound.
17:05 of 1st period - Robert Dome wins face-off versus Tomas Kubalik in Harfangs zone.
17:08 of 1st period - Snap shot by Ben Hanowski.
17:08 of 1st period - Goal by Ben Hanowski - Griffins : 2 - Harfangs : 0.
17:09 of 1st period - Calle Jarnkrok wins face-off versus Quinton Howden in neutral zone.
18:06 of 1st period - Snap shot by Sean Monahan.
18:06 of 1st period - Goal by Sean Monahan - Griffins : 3 - Harfangs : 0.
18:07 of 1st period - Cody Eakin wins face-off versus Jamie Arniel in neutral zone.
18:10 of 1st period - Oscar Klefbom is hit by Dylan Olsen and loses puck.
18:53 of 1st period - Snap shot by Cody Eakin.
18:53 of 1st period - Stopped by Jean-Francois Berube with a rebound.
19:06 of 1st period - Wrist shot by Ben Hanowski.
19:06 of 1st period - Shot Misses the Net.
19:22 of 1st period - Snap shot by Brandon Saad.
19:22 of 1st period - Shot Misses the Net.
19:24 of 1st period - Slapshot by Tomas Kubalik.
19:24 of 1st period - Stopped by Jean-Francois Berube without a rebound.
19:25 of 1st period - Tomas Kubalik wins face-off versus Jamie Arniel in Griffins zone.
19:26 of 1st period - Snap shot by Calle Jarnkrok.
19:26 of 1st period - Stopped by Jean-Francois Berube without a rebound.
19:27 of 1st period - Jamie Arniel wins face-off versus Calle Jarnkrok in Griffins zone.
19:58 of 1st period - Ty Wishart is hit by Jake Dotchin and loses puck.
Goals for this period are 3 for Griffins vs 0 for Harfangs.
Shots for this period are 16 for Griffins vs 16 for Harfangs.
2nd period
0:01 of 2nd period - Jamie Arniel wins face-off versus Cody Eakin in neutral zone.
0:10 of 2nd period - Wrist shot by Cody Eakin.
0:10 of 2nd period - Shot Blocked by Oscar Klefbom.
2:15 of 2nd period - Slapshot by Quinton Howden.
2:15 of 2nd period - Shot Misses the Net.
2:33 of 2nd period - Wrist shot by Brandon Pirri.
2:33 of 2nd period - Stopped by Jean-Francois Berube with a rebound.
2:35 of 2nd period - Slapshot by Jimmy Hayes.
2:35 of 2nd period - Goal by Jimmy Hayes - Griffins : 3 - Harfangs : 1.
2:36 of 2nd period - Cody Eakin wins face-off versus Petr Pohl in neutral zone.
2:49 of 2nd period - Jimmy Hayes is hit by Robert Dome and loses puck.
3:08 of 2nd period - Wrist shot by Brandon Pirri.
3:08 of 2nd period - Shot Blocked by Nathan Oystrick.
3:14 of 2nd period - Snap shot by Boone Jenner.
3:14 of 2nd period - Stopped by Jean-Francois Berube without a rebound.
3:15 of 2nd period - Jimmy Hayes wins face-off versus Sean Monahan in Griffins zone.
3:22 of 2nd period - Slapshot by Cody Eakin.
3:22 of 2nd period - Shot Misses the Net.
3:24 of 2nd period - Snap shot by Jimmy Hayes.
3:24 of 2nd period - Shot Misses the Net.
3:26 of 2nd period - Slapshot by Victor Bartley.
3:26 of 2nd period - Stopped by Jean-Francois Berube with a rebound.
3:28 of 2nd period - Slapshot by Victor Bartley.
3:28 of 2nd period - Stopped by Jean-Francois Berube with a rebound.
3:52 of 2nd period - Wrist shot by Oscar Klefbom.
3:52 of 2nd period - Stopped by Anton Forsberg with a rebound.
3:54 of 2nd period - Wrist shot by Anton Slepyshev.
3:54 of 2nd period - Shot Blocked by Jake Dotchin.
4:04 of 2nd period - Brendan Woods is hit by Reid McNeill and loses puck.
4:17 of 2nd period - Snap shot by Brandon Pirri.
4:17 of 2nd period - Shot Blocked by Ty Wishart.
4:35 of 2nd period - Snap shot by Jamie Arniel.
4:35 of 2nd period - Shot Misses the Net.
4:56 of 2nd period - Slapshot by Tye McGinn.
4:56 of 2nd period - Shot Misses the Net.
5:53 of 2nd period - Snap shot by J.T. Brown.
5:53 of 2nd period - Shot Misses the Net.
5:55 of 2nd period - Wrist shot by Brendan Woods.
5:55 of 2nd period - Shot Misses the Net.
6:15 of 2nd period - Snap shot by Cody Eakin.
6:15 of 2nd period - Shot Misses the Net.
6:28 of 2nd period - Minor Penalty to Tomas Kubalik for Tripping.
6:29 of 2nd period - Sean Monahan wins face-off versus Cody Eakin in Harfangs zone.
6:34 of 2nd period - Wrist shot by Sean Monahan.
6:34 of 2nd period - Shot Misses the Net.
6:36 of 2nd period - Wrist shot by Jamie Arniel.
6:36 of 2nd period - Shot Misses the Net.
6:38 of 2nd period - Wrist shot by Petter Granberg.
6:38 of 2nd period - Shot Misses the Net.
7:12 of 2nd period - Slapshot by Oscar Klefbom.
7:12 of 2nd period - Shot Misses the Net.
8:28 of 2nd period - Penalty to Tomas Kubalik is over, Tomas Kubalik is back on ice.
8:28 of 2nd period - Snap shot by Ben Hanowski.
8:28 of 2nd period - Stopped by Anton Forsberg with a rebound.
10:20 of 2nd period - Calle Jarnkrok is hit by Vladislav Namestnikov and loses puck.
10:27 of 2nd period - Nathan Oystrick is hit by Dylan Olsen and loses puck.
10:50 of 2nd period - Minor Penalty to Morgan Klimchuk for Hooking.
10:51 of 2nd period - Cody Eakin wins face-off versus Sean Monahan in Harfangs zone.
10:51 of 2nd period - Cody Eakin is hit by Jamie Arniel.
12:50 of 2nd period - Penalty to Morgan Klimchuk is over, Morgan Klimchuk is back on ice.
13:51 of 2nd period - Joel Armia is hit by Nathan Oystrick and loses puck.
14:08 of 2nd period - Brandon Pirri is hit by Brendan Woods and loses puck.
14:49 of 2nd period - Brandon Saad is hit by Jamie Arniel and loses puck.
15:00 of 2nd period - Snap shot by Cody Eakin.
15:00 of 2nd period - Shot Misses the Net.
15:36 of 2nd period - Snap shot by Boone Jenner.
15:36 of 2nd period - Stopped by Jean-Francois Berube without a rebound.
15:37 of 2nd period - Sean Monahan wins face-off versus Brandon Pirri in Griffins zone.
15:49 of 2nd period - Icing by Bryan Young.
15:50 of 2nd period - Cody Eakin wins face-off versus Sean Monahan in Griffins zone.
15:55 of 2nd period - Snap shot by Jimmy Hayes.
15:55 of 2nd period - Deflect By Bryan Young.
15:55 of 2nd period - Stopped by Jean-Francois Berube without a rebound.
15:56 of 2nd period - Jamie Arniel wins face-off versus Cody Eakin in Griffins zone.
16:03 of 2nd period - Snap shot by Robert Dome.
16:03 of 2nd period - Shot Blocked by Victor Bartley.
16:11 of 2nd period - Snap shot by Cody Eakin.
16:11 of 2nd period - Shot Blocked by Bryan Young.
16:37 of 2nd period - Minor Penalty to Jake Dotchin for Goalie Interference.
16:38 of 2nd period - Cody Eakin wins face-off versus Sean Monahan in Harfangs zone.
16:49 of 2nd period - Snap shot by Sean Monahan.
16:49 of 2nd period - Shot Misses the Net.
18:37 of 2nd period - Penalty to Jake Dotchin is over, Jake Dotchin is back on ice.
18:45 of 2nd period - Wrist shot by Quinton Howden.
18:45 of 2nd period - Deflect By Anton Slepyshev.
18:45 of 2nd period - Goal by Anton Slepyshev - Griffins : 4 - Harfangs : 1.
18:45 of 2nd period - Zachary Fucale enters game.
18:46 of 2nd period - Quinton Howden wins face-off versus Calle Jarnkrok in neutral zone.
18:46 of 2nd period - Petter Granberg is hit by Dylan Olsen and loses puck.
18:51 of 2nd period - Snap shot by Tomas Kubalik.
18:51 of 2nd period - Stopped by Jean-Francois Berube with a rebound.
18:53 of 2nd period - Slapshot by Victor Bartley.
18:53 of 2nd period - Goal by Victor Bartley - Griffins : 4 - Harfangs : 2.
18:54 of 2nd period - Jamie Arniel wins face-off versus Cody Eakin in neutral zone.
19:09 of 2nd period - Off-side.
19:10 of 2nd period - Calle Jarnkrok wins face-off versus Sean Monahan in neutral zone.
19:58 of 2nd period - Simon Despres is hit by Jujhar Khaira and loses puck.
Goals for this period are 1 for Griffins vs 2 for Harfangs.
Shots for this period are 3 for Griffins vs 9 for Harfangs.
3rd period
0:01 of 3rd period - Andreas Martinsen wins face-off versus Jamie Arniel in neutral zone.
0:12 of 3rd period - Slapshot by Simon Despres.
0:12 of 3rd period - Stopped by Zachary Fucale with a rebound.
0:53 of 3rd period - Snap shot by Boone Jenner.
0:53 of 3rd period - Shot Misses the Net.
1:33 of 3rd period - Jamie Arniel is hit by Andreas Martinsen and loses puck.
1:44 of 3rd period - Wrist shot by Calle Jarnkrok.
1:44 of 3rd period - Shot Blocked by Bryan Young.
1:46 of 3rd period - Snap shot by Tomas Kubalik.
1:46 of 3rd period - Shot Misses the Net.
2:06 of 3rd period - Snap shot by Sean Monahan.
2:06 of 3rd period - Deflect By Tye McGinn.
2:06 of 3rd period - Shot Blocked by Rinat Valiev.
2:06 of 3rd period - Puck is out of play.
2:07 of 3rd period - Boone Jenner wins face-off versus Sean Monahan in Harfangs zone.
2:12 of 3rd period - Sean Monahan is hit by Boone Jenner and loses puck.
2:19 of 3rd period - Snap shot by Brandon Pirri.
2:19 of 3rd period - Shot Blocked by Nathan Oystrick.
2:21 of 3rd period - Wrist shot by Dylan Olsen.
2:21 of 3rd period - Deflect By Nathan Oystrick.
2:21 of 3rd period - Stopped by Jean-Francois Berube without a rebound.
2:22 of 3rd period - Cody Eakin wins face-off versus Robert Dome in Griffins zone.
2:33 of 3rd period - Wrist shot by Petr Pohl.
2:33 of 3rd period - Stopped by Zachary Fucale without a rebound.
2:34 of 3rd period - Cody Eakin wins face-off versus Jamie Arniel in Harfangs zone.
2:34 of 3rd period - Cody Eakin is hit by Jamie Arniel.
3:01 of 3rd period - Minor Penalty to Dylan Olsen for Interference.
3:02 of 3rd period - Cody Eakin wins face-off versus Sean Monahan in Harfangs zone.
3:05 of 3rd period - Wrist shot by Sean Monahan.
3:05 of 3rd period - Shot Misses the Net.
3:07 of 3rd period - Slapshot by Oscar Klefbom.
3:07 of 3rd period - Shot Blocked by Victor Bartley.
3:09 of 3rd period - Wrist shot by Jamie Arniel.
3:09 of 3rd period - Shot Misses the Net.
3:11 of 3rd period - Snap shot by Sean Monahan.
3:11 of 3rd period - Shot Blocked by Victor Bartley.
3:13 of 3rd period - Slapshot by Oscar Klefbom.
3:13 of 3rd period - Deflect By Cody Eakin.
3:13 of 3rd period - Griffins goal is going for a video replay.
3:13 of 3rd period - The goal is good.
3:13 of 3rd period - Goal by Oscar Klefbom - Griffins : 5 - Harfangs : 2.
3:14 of 3rd period - Jamie Arniel wins face-off versus Cody Eakin in neutral zone.
3:24 of 3rd period - Wrist shot by Andreas Martinsen.
3:24 of 3rd period - Stopped by Jean-Francois Berube with a rebound.
3:26 of 3rd period - Snap shot by Dylan Olsen.
3:26 of 3rd period - Stopped by Jean-Francois Berube with a rebound.
3:28 of 3rd period - Slapshot by Victor Bartley.
3:28 of 3rd period - Deflect By Jamie Arniel.
3:28 of 3rd period - Stopped by Jean-Francois Berube with a rebound.
3:30 of 3rd period - Wrist shot by Cody Eakin.
3:30 of 3rd period - Stopped by Jean-Francois Berube with a rebound.
3:40 of 3rd period - Calle Jarnkrok is hit by Ben Hanowski and loses puck.
4:07 of 3rd period - Slapshot by Oscar Klefbom.
4:07 of 3rd period - Stopped by Zachary Fucale without a rebound.
4:08 of 3rd period - Cody Eakin wins face-off versus Jamie Arniel in Harfangs zone.
4:13 of 3rd period - Ty Wishart is hit by Andreas Martinsen and loses puck.
4:34 of 3rd period - Ben Hanowski is hit by Dylan Olsen and loses puck.
4:55 of 3rd period - Ryan Hartman is hit by Jujhar Khaira and loses puck.
5:01 of 3rd period - Minor Penalty to Nathan Oystrick for Roughing.
5:02 of 3rd period - Cody Eakin wins face-off versus Jamie Arniel in Griffins zone.
5:28 of 3rd period - Brendan Woods is hit by Brandon Saad.
5:42 of 3rd period - Snap shot by J.T. Brown.
5:42 of 3rd period - Shot Misses the Net.
6:20 of 3rd period - Andreas Martinsen is hit by Tye McGinn and loses puck.
6:31 of 3rd period - Petter Granberg is hit by Reid McNeill.
7:01 of 3rd period - Penalty to Nathan Oystrick is over, Nathan Oystrick is back on ice.
8:09 of 3rd period - Slapshot by Quinton Howden.
8:09 of 3rd period - Shot Blocked by Zac Leslie.
8:11 of 3rd period - Slapshot by Ty Wishart.
8:11 of 3rd period - Shot Misses the Net.
9:08 of 3rd period - Backhand shot by Ryan Hartman.
9:08 of 3rd period - Shot Misses the Net.
9:10 of 3rd period - Slapshot by Nathan Oystrick.
9:10 of 3rd period - Shot Misses the Net.
9:25 of 3rd period - Andreas Martinsen is hit by Tye McGinn and loses puck.
9:51 of 3rd period - Snap shot by Anton Slepyshev.
9:51 of 3rd period - Shot Blocked by Boone Jenner.
10:29 of 3rd period - Sean Monahan is hit by Zac Leslie and loses puck.
11:02 of 3rd period - Jujhar Khaira is hit by Robert Dome.
11:09 of 3rd period - Off-side.
11:10 of 3rd period - Calle Jarnkrok wins face-off versus Brendan Woods in neutral zone.
11:29 of 3rd period - Icing by Oscar Klefbom.
11:30 of 3rd period - Vladislav Namestnikov wins face-off versus Cody Eakin in Griffins zone.
11:30 of 3rd period - Vladislav Namestnikov is hit by Cody Eakin.
11:31 of 3rd period - Vladislav Namestnikov from Griffins is injured at 11:31 of 3rd period (Sprained Right Ankle).
11:32 of 3rd period - Jamie Arniel wins face-off versus Cody Eakin in Griffins zone.
11:39 of 3rd period - Snap shot by Jamie Arniel.
11:39 of 3rd period - Stopped by Zachary Fucale with a rebound.
11:41 of 3rd period - Slapshot by Oscar Klefbom.
11:41 of 3rd period - Shot Misses the Net.
12:04 of 3rd period - Snap shot by Tomas Kubalik.
12:04 of 3rd period - Stopped by Jean-Francois Berube with a rebound.
12:06 of 3rd period - Slapshot by Dylan Olsen.
12:06 of 3rd period - Shot Misses the Net.
12:08 of 3rd period - Snap shot by Dylan Olsen.
12:08 of 3rd period - Shot Blocked by Simon Despres.
12:46 of 3rd period - Wrist shot by Jamie Arniel.
12:46 of 3rd period - Shot Misses the Net.
13:08 of 3rd period - Snap shot by Cody Eakin.
13:08 of 3rd period - Shot Misses the Net.
13:14 of 3rd period - Slapshot by Cody Eakin.
13:14 of 3rd period - Shot Blocked by Bryan Young.
13:17 of 3rd period - Minor Penalty to Andreas Martinsen for Tripping.
13:18 of 3rd period - Sean Monahan wins face-off versus Cody Eakin in Harfangs zone.
13:27 of 3rd period - Wrist shot by Sean Monahan.
13:27 of 3rd period - Shot Hit the Post.
13:29 of 3rd period - Wrist shot by Sean Monahan.
13:29 of 3rd period - Shot Blocked by Dylan Olsen.
13:31 of 3rd period - Wrist shot by Sean Monahan.
13:31 of 3rd period - Stopped by Zachary Fucale with a rebound.
13:53 of 3rd period - Snap shot by Robert Dome.
13:53 of 3rd period - Shot Hit the Post.
15:17 of 3rd period - Penalty to Andreas Martinsen is over, Andreas Martinsen is back on ice.
15:28 of 3rd period - Rinat Valiev is hit by Petter Granberg and loses puck.
15:33 of 3rd period - Wrist shot by Quinton Howden.
15:33 of 3rd period - Shot Blocked by Boone Jenner.
16:17 of 3rd period - Petr Pohl is hit by Andreas Martinsen and loses puck.
16:52 of 3rd period - Snap shot by Sean Monahan.
16:52 of 3rd period - Shot Misses the Net.
17:07 of 3rd period - Nathan Oystrick is hit by Brandon Pirri and loses puck.
17:32 of 3rd period - Petter Granberg is hit by Joel Armia and loses puck.
17:43 of 3rd period - Brendan Woods is hit by Rinat Valiev and loses puck.
18:05 of 3rd period - Dylan Olsen is hit by Robert Dome and loses puck.
18:12 of 3rd period - Jake Dotchin is hit by Ty Wishart and loses puck.
19:16 of 3rd period - Sean Monahan is hit by Jimmy Hayes and loses puck.
19:59 of 3rd period - Brandon Saad is hit by Robert Dome and loses puck.
Goals for this period are 1 for Griffins vs 0 for Harfangs.
Shots for this period are 6 for Griffins vs 6 for Harfangs.
Back to the Top